 Dungeon Crawl Stone Soup version 0.25.0-11-g1f837a76a1 (webtiles) character file.

Game seed: 16360584116454743549

1200 xccam the Cutter (level 8, -6/45 HPs)
             Began as a Tengu Assassin on June 25, 2020.
             Killed by divine providence
             ... invoked by an orc priest
              (17 damage)
             ... on level 5 of the Dungeon.
             The game lasted 00:07:38 (5754 turns).

xccam the Cutter (Tengu Assassin)                   Turns: 5754, Time: 00:07:38

Health: -6/45      AC:  5    Str: 11    XL:     8   Next: 44%
Magic:  9/9        EV: 15    Int: 14    God:
Gold:   251        SH:  5    Dex: 16    Spells: 7/7 levels left

rFire    . . .     SeeInvis .   k - +0 dagger (elec)
rCold    . . .     Gourm    .   x - +0 buckler
rNeg     . . .     Faith    .   b - +0 robe
rPois    +         Spirit   .   (helmet restricted)
rElec    .         Reflect  .   u - +2 cloak {rPois}
rCorr    .         Harm     .   (no gloves)
MR       .....                  (boots unavailable)
Stlth    +++.......             (no amulet)
HPRegen  0.15/turn              (no ring)
MPRegen  0.11/turn              (no ring)

@: flying quickly and evasively, quick
A: beak, talons 3, able to fly
a: Stop Flying


You were on level 5 of the Dungeon.
You were not hungry.

You visited 1 branch of the dungeon, and saw 5 of its levels.

You collected 251 gold pieces.

Inventory:

Hand Weapons
 a - a +2 dagger
 k - a +0 dagger of electrocution (weapon)
Missiles
 d - 19 poisoned darts (quivered)
 h - 2 curare-tipped darts
Armour
 b - a +0 robe (worn)
 e - a +2 robe of the Archmagi
 u - a +2 cloak of poison resistance (worn)
 x - a +0 buckler (worn)
Scrolls
 i - 2 scrolls of teleportation
 o - a scroll of identify
 q - 4 scrolls of remove curse
 t - a scroll of blinking {unknown}
 v - a scroll of enchant weapon {unknown}
Potions
 c - a potion of stabbing {unknown}
 g - a potion of brilliance {unknown}
 j - a potion of might {unknown}
 l - a potion of ambrosia {unknown}
 m - a potion of haste {unknown}
 n - a potion of curing
 r - a potion of cancellation {unknown}
 s - a potion of magic {unknown}
Comestibles
 f - 8 rations
 w - 5 chunks of flesh


   Skills:
 - Level 2.6 Fighting
 - Level 6.3 Short Blades
 - Level 6.0 Throwing
 - Level 1.6 Armour
 - Level 2.1 Dodging
 - Level 4.0 Stealth
 + Level 4.7 Shields


You had 7 spell levels left.
You didn't know any spells.
Your spell library was empty.

Dungeon Overview and Level Annotations

Branches:
Dungeon (5/15)
 Temple: D:4-7

Altars:
Nemelex Xobeh
Xom


Innate Abilities, Weirdness & Mutations

You have a beak for a mouth.
You have claws for feet.
You can fly continuously.


Message History

The orc priest mumbles some strange prayers to Beogh against you.
Beogh smites you!
You are too injured to fight recklessly!
You are too injured to fight recklessly!
You are too injured to fight recklessly!
Things that are here:
a cursed -3 dagger; an orc corpse The orc priest calls down the wrath of Beogh upon you.
Beogh smites you!
* * * LOW HITPOINT WARNING * * *
You see here a +0 leather armour.
The bullfrog skeleton hits you.
* * * LOW HITPOINT WARNING * * *
You feel better. The bullfrog skeleton hits you.
* * * LOW HITPOINT WARNING * * *
The bullfrog skeleton hits you but does no damage.
The bullfrog skeleton misses you.
The orc priest mumbles some strange prayers to Beogh against you.
Beogh smites you!
You die...

#### ...# ...# ##### ...# #...#
...# #...# ...# #...# #####
...#####...###Z.@################
...)[)[...o.o....................
..[#####...#####([.)...########.#
...# #...# #.###...########.#
/..# #...# #.##.............#
#### #...# #)##..#..#........
##### #.##..............
####.###............. # #<##.#
##.###.)......


You could see an orc priest, an orc and a bullfrog skeleton.

Vanquished Creatures
  Sigmund (D:2)
  Edmund (D:4)
  A sky beast (D:3)
  A phantom (D:4)
  A centaur (D:5)
  A scorpion (D:4)
  A bullfrog zombie (D:5)
  2 orc priests (D:5)
  A gnoll shaman (D:5)
  5 orc wizards
  2 centaur skeletons
  Crazy Yiuf (D:3)
  2 worker ants
  A hound skeleton (D:4)
  Robin (D:2)
  A howler monkey skeleton (D:5)
  2 adders (D:4)
  5 gnolls (D:5)
  A shadow imp (D:5)
  An ooze (D:3)
  An adder zombie (D:5)
  A worm (D:3)
  2 dart slugs
  2 leopard geckos (D:2)
  8 orcs
  11 giant cockroaches
  13 goblins
  7 hobgoblins
  5 jackals
  3 quokkas
  3 ball pythons
  9 bats
  7 frilled lizards
  4 kobolds
  9 rats
117 creatures vanquished.

Notes
Turn   | Place    | Note
-------+----------+-------------------------------------------
     0 | D:1      | xccam the Tengu Assassin began the quest for the Orb.
     0 | D:1      | Reached XP level 1. HP: 12/12 MP: 2/2
   393 | D:1      | Reached XP level 2. HP: 17/17 MP: 3/3
   875 | D:1      | Reached XP level 3. HP: 21/21 MP: 4/4
  1390 | D:2      | Noticed Sigmund
  1602 | D:2      | Killed Sigmund
  1602 | D:2      | Reached skill level 5 in Short Blades
  1602 | D:2      | Reached XP level 4. HP: 26/26 MP: 5/5
  1602 | D:2      | Gained mutation: You can fly continuously. [Tengu growth]
  1602 | D:2      | Reached XP level 5. HP: 30/30 MP: 6/6
  1881 | D:2      | Noticed Robin
  1934 | D:2      | Killed Robin
  1934 | D:2      | Reached XP level 6. HP: 25/35 MP: 7/7
  2535 | D:3      | Found a sparkling altar of Nemelex Xobeh.
  2708 | D:3      | Noticed a sky beast
  2731 | D:3      | Killed a sky beast
  3149 | D:3      | Found a runed translucent door.
  3150 | D:3      | Noticed Crazy Yiuf
  3156 | D:3      | Killed Crazy Yiuf
  3466 | D:3      | Found a shimmering altar of Xom.
  3606 | D:4      | Noticed a phantom
  3646 | D:4      | Reached skill level 5 in Throwing
  3651 | D:4      | Reached XP level 7. HP: 40/40 MP: 8/8
  3893 | D:4      | Noticed Edmund
  3912 | D:4      | Killed Edmund
  3912 | D:4      | Reached skill level 1 in Armour
  4522 | D:5      | Entered Level 5 of the Dungeon
  4547 | D:5      | HP: 1/40 [sky beast (6)]
  5256 | D:5      | Reached skill level 1 in Shields
  5305 | D:5      | Reached XP level 8. HP: 29/45 MP: 9/9
  5754 | D:5      | Killed from afar by an orc priest

Illustrated notes

Levels and vault maps discovered:
D:1:      co_arrival_random_square_maze, layout_basic, serial_co_window_serial,
          co_window_cross_1, co_window_of_opportunity_a, co_window_corner_a,
          co_window_cross_1, co_window_of_opportunity_a, co_window_broadway_c,
          co_window_unsneaky_path_b, co_window_broadway_c, co_window_paths_c,
          co_window_2corner, co_window_paths_c, glass_columns_c,
          glass_columns_a, glass_columns_a, glass_columns_a,
          minmay_worlds_worst_comb
D:2:      layout_basic, uniq_robin, uniq_sigmund
D:3:      layout_basic, lemuel_crystal_altar, first_ration, lemuel_statue_altar,
          uniq_crazy_yiuf_cottage
D:4:      layout_basic, minmay_cupped, uniq_edmund
D:5:      layout_basic

Skill      XL: |  1  2  3  4  5  6  7  8 |
---------------+-------------------------+-----
Short Blades   | 3 5 6 |  6.3
Throwing       | 3 5 6 |  6.0
Armour         | 1 |  1.6
Dodging        | 2 |  2.1
Shields        | 2 4 |  4.7
Fighting       | |  2.6
Stealth        | |  4.0

Action                   |  1- 3 |  4- 6 |  7- 9 || total
-------------------------+-------+-------+-------++-------
Melee: Dagger            |    59 |   116 |   170 ||   345
       Kick              |    10 |    20 |    43 ||    73
       Peck              |     8 |    16 |    26 ||    50
Throw: Dart              |     6 |       |    16 ||    22
 Abil: Fly               |       |     1 |       ||     1
  Use: Scroll            |     2 |       |     3 ||     5
       Potion            |       |       |     3 ||     3
 Stab: Sleeping          |     8 |     8 |     3 ||    19
       Distracted        |       |     1 |       ||     1
  Eat: Chunk             |     2 |     5 |     4 ||    11
       Ration            |       |       |     1 ||     1
Armor: Robe              |    11 |    21 |    21 ||    53
Dodge: Dodged            |    26 |    62 |    60 ||   148
Block: Buckler           |       |       |    10 ||    10
